 Dungeon Crawl Stone Soup version 0.30.0-29-ga12c61a403 (webtiles) character file.

Game seed: 18224809157738296114

112 seaoflcl the Covered (level 4, -4/37 (41) HPs)
             Began as a Minotaur Fighter on June 9, 2023.
             Slain by a wight
             ... wielding a +4 battleaxe
              (6 damage)
             ... on level 3 of the Dungeon.
             The game lasted 00:01:29 (1376 turns).

seaoflcl the Covered (Minotaur Fighter)             Turns: 1376, Time: 00:01:30

HP:   -4/37 (41)    AC:  9    Str: 23    XL:     4   Next: 63%
MP:   3/3           EV:  8    Int:  5    God:
Gold: 104           SH:  4    Dex:  9    Spells: 3/3 levels left

rFire   . . .        a - +0 war axe
rCold   . . .        c - +0 buckler
rNeg    . . .        l - +0 chain mail
rPois   .            (helmet restricted)
rElec   .            (no cloak)
rCorr   .            (no gloves)
SInv    .            (no boots)
Will    .....        (no amulet) Stlth
                     g - ring of flight
HPRegen 0.26/turn    (no ring)
MPRegen 0.08/turn

%: no passive effects
@: mighty, flying, drained
A: horns 2, retaliatory headbutt
a: no special abilities


You were on level 3 of the Dungeon.
You visited 1 branch of the dungeon, and saw 3 of its levels.

You collected 104 gold pieces.

Inventory:

Hand Weapons
 a - a +0 war axe (weapon)
 o - a +2 short sword of speed
Armour
 c - a +0 buckler (worn)
 l - a +0 chain mail (worn)
Jewellery
 g - a ring of flight (left hand)
 n - an amulet of faith
Scrolls
 e - 2 scrolls of vulnerability {unknown}
 h - 3 scrolls of teleportation {unknown}
 i - 2 scrolls of enchant armour {unknown}
 j - a scroll of enchant weapon {unknown}
 m - a scroll of blinking {unknown}
 p - a scroll of magic mapping {unknown}
Potions
 b - a potion of berserk rage {unknown}
 d - 2 potions of might
 f - 2 potions of cancellation {unknown}
 k - 2 potions of heal wounds {unknown}
 q - a potion of curing {unknown}
 r - a potion of ambrosia {unknown}


   Skills:
 + Level 4.3 Fighting
 * Level 4.2 Axes
 + Level 4.4 Armour
 + Level 4.3 Shields


You had 3 spell levels left.
You didn't know any spells.
Your spell library contained the following spells:

 Spells                   Type           Power      Damage    Failure   Level
 Beastly Appendage        Tmut           0%         N/A       98%         1
 Slow                     Hex            0%         N/A       98%         1
 Wereblood                Tmut           0%         N/A       99%         2
 Confusing Touch          Hex            0%         N/A       100%        3
 Spider Form              Tmut/Pois      0%         N/A       100%        3
 Vampiric Draining        Necr           0%         2d6       100%        3


Dungeon Overview and Level Annotations

Branches:
Dungeon (3/15)

Altars:

Shops:
D:1 *


Innate Abilities, Weirdness & Mutations

You have a pair of horns on your head.
You reflexively headbutt those who attack you in melee.


Message History

Your Axes skill increases to level 4!
You slash the orc wizard!
The orc wizard is severely wounded.
You hear the slow rusting of a very distant drain.
The orc wizard hits you but does no damage.
You closely miss the orc wizard. Your headbutt misses the orc wizard.
The orc wizard is severely wounded.
The orc wizard points at you and mumbles some strange words.
The puff of flame hits you but does no damage.
The orc wizard hits you with a +0 dagger.
You barely miss the orc wizard.
The orc wizard is severely wounded.
The orc wizard gestures wildly while chanting.
The orc wizard flickers and vanishes!
Deactivating autopickup; reactivate with Ctrl-A.
You closely miss something. You headbutt something.
Reactivating autopickup.
You feel a bit more experienced.
You completely miss the orc. The orc hits you with a +0 club.
The orc barely misses you.
You slash the orc!
You kill the orc!
You hit the wight.
The wight is lightly damaged.
You block the wight's attack.
You closely miss the wight. Your headbutt misses the wight.
The wight is lightly damaged.
The wight hits you with a +4 battleaxe!
You feel drained. The wight hits you with a +4 battleaxe!
* * * LOW HITPOINT WARNING * * *
You feel drained.
* * * LOW HITPOINT WARNING * * *
Unknown command.
Unknown command.
You feel very mighty all of a sudden. You block the wight's attack.
You slash the wight! Your headbutt misses the wight.
The wight is severely damaged.
The wight hits you with a +4 battleaxe.
You die...

#.# #.#.# #.###.#.#
#.....#.#
#.###...######## #.#
#.#.........
#####.###.##########
#.....##...# #######
#.###......###.......
#.# #..#.....@.......
#.# #..####.##z#####.
#.# #..# #.# .#
#.###..####.# .#
#...........# .#
########..###### .#
....####..###### .#
................ .#
[.........######


You could see a wight.

Vanquished Creatures
  2 orc wizards (D:3)
  3 adders (D:2)
  2 dart slugs
  A worm (D:2)
  3 orcs (D:3)
  2 ball pythons
  2 bats (D:2)
  3 endoplasms (D:2)
  2 giant cockroaches
  4 goblins
  6 hobgoblins
  2 jackals (D:1)
  3 kobolds
  A frilled lizard (D:2)
  3 rats
39 creatures vanquished.

Notes
Turn   | Place    | Note
-------+----------+-------------------------------------------
     0 | D:1      | seaoflcl the Minotaur Fighter began the quest for the Orb.
     0 | D:1      | Reached XP level 1. HP: 19/19 MP: 0/0
    49 | D:1      | Found a faded altar of an unknown god.
   108 | D:1      | Reached XP level 2. HP: 27/27 MP: 1/1
   142 | D:1      | Found Vuc Feul's Assorted Antiques.
   632 | D:2      | Reached XP level 3. HP: 32/33 MP: 2/2
   913 | D:2      | Reached XP level 4. HP: 40/40 MP: 3/3
  1374 | D:3      | HP: 1/37 [wight/+4 battleaxe (4)]
  1376 | D:3      | Slain by a wight

Illustrated notes

Levels and vault maps discovered:
D:1:      psy_arrival_terrarium, layout_rooms, dreamdust_ecumenical_altar_grove,
          serial_shops, nicolae_shop_waterfront, fountainhead,
          minmay_statues_item, serial_bayou_lagoon_a
D:2:      layout_loops_cross
D:3:      minmay_door_path, layout_loops_ring, portal_sewer_entry_e,
          st_stairs_10

Skill      XL: |  1  2  3  4 |
---------------+-------------+-----
Axes           | 3 4 |  4.2
Fighting       | 4 |  4.3
Armour         | 4 |  4.4
Shields        | 4 |  4.3

Action                     |  1- 3 |  4- 6 || total
---------------------------+-------+-------++-------
  Melee: War axe           |    60 |    19 ||    79
         Headbutt          |     6 |     2 ||     8
    Use: Potion            |       |     1 ||     1
 Armour: Scale mail        |     4 |       ||     4
         Chain mail        |    30 |     7 ||    37
  Dodge: Dodged            |    31 |     4 ||    35
  Block: Buckler           |    15 |     4 ||    19
